 Dungeon Crawl Stone Soup version 0.28-a0-514-g0d7ab7f379 (webtiles) character file.

Game seed: 11646241509589832512

179 demibob the Insei (level 5, -1/38 HPs)
             Began as a Demonspawn Gladiator on Sept 23, 2021.
             Slain by an adder (3 damage)
             ... on level 3 of the Dungeon.
             The game lasted 00:02:05 (528 turns).

demibob the Insei (Demonspawn Gladiator)             Turns: 528, Time: 00:02:06

Health: -1/38      AC:  6    Str: 14    XL:     5   Next: 33%
Magic:  4/4        EV: 12    Int: 12    God:
Gold:   21         SH:  0    Dex: 15    Spells: 4/4 levels left

rFire   . . .      SeeInvis .   a - +0 trident
rCold   . . .      Faith    .   (no shield)
rNeg    . . .      Spirit   .   b - +0 leather armour
rPois   .          Reflect  .   c - +0 helmet
rElec   .          Harm     .   (no cloak)
rCorr   .          Rampage  .   (no gloves)
Will    .....                   (no boots)
Stlth   +.........              (no amulet)
HPRegen 0.12/turn               (no ring)
MPRegen 0.09/turn               (no ring)

@: no status effects
A: claws 2, slimy green scales 1, clever 1, low mp 1
a: no special abilities


You were on level 3 of the Dungeon.
You visited 1 branch of the dungeon, and saw 3 of its levels.

You collected 21 gold pieces.


Innate Abilities, Weirdness & Mutations

You have very sharp fingernails.
You are partially covered in slimy green scales. (AC +2)
Your mind is acute. (Int +2)
Your magical capacity is low. (-10% MP)


   Skills:
 - Level 2.0 Fighting
 - Level 3.3 Polearms
 - Level 1.7 Throwing
 - Level 3.3 Dodging
 + Level 3.7 Unarmed Combat


You had 4 spell levels left.
You didn't know any spells.
Your spell library was empty.

Inventory:

Hand Weapons
 a - a +0 trident (weapon)
Missiles
 d - a throwing net (quivered) {=f}
Armour
 b - a +0 leather armour (worn)
 c - a +0 helmet (worn)

Dungeon Overview and Level Annotations

Branches:
Dungeon (3/15)

Altars:

#####..# .
..#...#
#.###.#...#
.......>..#
..........#####.
................
................
.......S@.#
.##########


You could see an adder.


Message History

You hit the hobgoblin.
You kill the hobgoblin!
You closely miss the hobgoblin. The hobgoblin hits you.
* * * LOW HITPOINT WARNING * * *
Things that are here:
a +0 scythe; a +0 robe of resistance; the human corpse of Sigmund
There is a stone staircase leading down here.
The hobgoblin hits you.
* * * LOW HITPOINT WARNING * * *
You climb downwards.
Found a stone staircase leading down.
There is a stone staircase leading up here.
You hit the hobgoblin.
The hobgoblin is almost dead.
The adder hisses angrily.
The hobgoblin hits you but does no damage.
You barely miss the hobgoblin.
The hobgoblin is almost dead.
The hobgoblin barely misses you. The hobgoblin closely misses you.
You puncture the hobgoblin!
You kill the hobgoblin!
The adder closely misses you.
Things that are here:
2 fuming emerald potions; a hobgoblin corpse You barely miss the adder.
The adder bites you.
* * * LOW HITPOINT WARNING * * *
You hit the adder.
The adder is lightly wounded.
The adder barely misses you. The adder bites you.
You die...

Skill      XL: |  1  2  3 |
---------------+----------+-----
Polearms       | 3 |  3.3
Dodging        | 3 |  3.3
Unarmed Combat | 3 |  3.7
Fighting       | |  2.0
Throwing       | |  1.7

Action                   |  1- 3 |  4- 6 || total
-------------------------+-------+-------++-------
Melee: Trident           |    55 |     9 ||    64
Throw: Throwing net      |     2 |       ||     2
  Use: Potion            |     3 |       ||     3
 Stab: Sleeping          |     2 |       ||     2
Armor: Leather armour    |    11 |     1 ||    12
Dodge: Dodged            |    30 |     6 ||    36

Levels and vault maps discovered:
D:1:      nzn_arrival_water_spiral, layout_loops_ring,
          hellmonk_ecumenical_altar_arch_garden, st_stairs_9
D:2:      layout_basic, uniq_sigmund
D:3:      minmay_recursive_quarters, layout_loops_ring, minmay_diced_spiral

Notes
Turn   | Place    | Note
-------+----------+-------------------------------------------
     0 | D:1      | demibob the Demonspawn Gladiator began the quest for the
                  | Orb.
     0 | D:1      | Reached XP level 1. HP: 16/16 MP: 1/1
   237 | D:1      | Reached skill level 3 in Polearms
   237 | D:1      | Reached skill level 3 in Dodging
   312 | D:1      | Gained mutation: You have sharp fingernails. [demonic
                  | ancestry]
   312 | D:1      | Reached XP level 2. HP: 22/22 MP: 2/2
   410 | D:1      | Found a faded altar of an unknown god.
   470 | D:1      | You fall into a shaft and drop 1 floor!
   477 | D:2      | Gained mutation: You sometimes lose the ability to read
                  | scrolls when taking damage. [potion of mutation]
   477 | D:2      | Gained mutation: Your mind is acute. (Int +2) [potion of
                  | mutation]
   477 | D:2      | Gained mutation: Your spells are a little harder to cast,
                  | but a little more powerful. [potion of mutation]
   478 | D:2      | Lost mutation: Your spells are a little harder to cast, but
                  | a little more powerful. [potion of mutation]
   478 | D:2      | Lost mutation: You sometimes lose the ability to read
                  | scrolls when taking damage. [potion of mutation]
   478 | D:2      | Gained mutation: Your magical capacity is low. (-10% MP)
                  | [potion of mutation]
   484 | D:2      | Gained mutation: You have very sharp fingernails. [demonic
                  | ancestry]
   484 | D:2      | Reached XP level 3. HP: 26/27 MP: 2/2
   502 | D:2      | Identified a +0 robe of resistance
   502 | D:2      | Noticed Sigmund
   503 | D:2      | >>fuck
   503 | D:2      | >>lol
   514 | D:2      | Killed Sigmund
   515 | D:2      | Reached skill level 3 in Unarmed Combat
   515 | D:2      | Reached XP level 4. HP: 6/33 MP: 3/3
   515 | D:2      | Gained mutation: You are partially covered in slimy green
                  | scales. (AC +2) [demonic ancestry]
   515 | D:2      | Reached XP level 5. HP: 7/38 MP: 4/4
   521 | D:2      | HP: 3/38 [hobgoblin (4)]
   527 | D:3      | HP: 2/38 [adder (1)]
   528 | D:3      | Slain by an adder

Vanquished Creatures
  Sigmund (D:2)
  An adder (D:2)
  An endoplasm (D:1)
  2 giant cockroaches (D:1)
  2 goblins (D:1)
  4 hobgoblins
  3 quokkas
  A ball python (D:1)
  2 bats (D:1)
  A frilled lizard (D:2)
  A kobold (D:1)
  2 rats (D:1)
21 creatures vanquished.

Table legend: (Time is in decaauts)
 A = Elapsed time spent in this place.
 B = Non-inter-level travel time spent in this place.
 C = Inter-level travel time spent in this place.
 D = Time resting spent in this place.
 E = Time spent auto-exploring this place.
 F = Levels seen in this place.
 G = Mean time per level.
                   A        B        C        D        E       F      G
               +--------+--------+--------+--------+--------+-----+--------+
         Total |    536 |    536 |      0 |    149 |    246 |   3 |  178.7 |
       Dungeon |    536 |    536 |      0 |    149 |    246 |   3 |  178.7 |
               +--------+--------+--------+--------+--------+-----+--------+

Top non-repeatable levels by time:
     D:1: 476 daAuts
     D:2: 53 daAuts
     D:3: 6 daAuts

Table legend:
 A = Non-vault XP
 B = Vault XP
 C = Vault XP percentage of total XP
 D = Non-vault monster count
 E = Vault monster count
 F = Vault count percentage of total count
                 A         B        C        D         E       F
            +---------+---------+-------+---------+---------+-------
      Total |      45 |     212 |  82.5 |      20 |       1 |   4.8
            +---------+---------+-------+---------+---------+-------
        D:1 |      25 |       0 |   0.0 |      15 |       0 |   0.0
        D:2 |      18 |     212 |  92.2 |       4 |       1 |  20.0
        D:3 |       2 |       0 |   0.0 |       1 |       0 |   0.0
            +---------+---------+-------+---------+---------+-------
